 Dungeon Crawl Stone Soup version 0.21-a0-442-g848f44b (webtiles) character file.

69 Gildeon the Firebug (level 4, -8/30 HPs)
             Began as a Human Fire Elementalist on Nov 14, 2017.
             Shot with an arrow by a centaur (14 damage)
             ... on level 3 of the Dungeon.
             The game lasted 00:24:09 (2503 turns).

Gildeon the Firebug (Human Fire Elementalist)       Turns: 2503, Time: 00:24:10

Health: -8/30      AC:  3    Str:  8    XL:     4   Next: 42%
Magic:  1/7        EV: 12    Int: 16    God:
Gold:   71         SH:  0    Dex: 14    Spells: 1/7 levels left

rFire    . . .     SeeInvis .   g - +1 hand axe (flame)
rCold    . . .     Gourm    .   (no shield)
rNeg     + . .     Faith    .   a - +1 robe
rPois    .         Spirit   .   (no helmet)
rElec    .         Reflect  .   (no cloak)
rCorr    .         Harm     .   (no gloves)
MR       .....                  (no boots)
Stlth    +++.......             (no amulet)
HPRegen  0.10/turn              h - ring of stealth
MPRegen  0.10/turn              k - ring of positive energy

@: very slightly contaminated
A: no striking features
a: no special abilities


You were on level 3 of the Dungeon.
You were not hungry.

You visited 1 branch of the dungeon, and saw 3 of its levels.

You collected 71 gold pieces.

Inventory:

Hand Weapons
 g - a +1 hand axe of flaming (weapon)
Armour
 a - a +1 robe (worn)
 q - a +0 leather armour
Jewellery
 h - a ring of stealth (left hand)
 k - a ring of positive energy (right hand)
 l - an uncursed ring of protection from cold
Wands
 p - a wand of acid (3/15)
Scrolls
 f - 2 scrolls of teleportation
Potions
 d - a potion of cancellation
 e - a potion of degeneration {unknown}
 i - a potion of might {unknown}
 n - 2 potions of agility {unknown}
 o - a potion of lignification {unknown}
 s - a potion of flight {unknown}
 t - a potion of magic {unknown}
Books
 b - a book of Flames

   Spells                             Type                      Level
   a - Flame Tongue                   Conjuration/Fire             1
   b - Throw Flame                    Conjuration/Fire             2
   c - Conjure Flame                  Conjuration/Fire             3
   d - Inner Flame                    Hexes/Fire                   3
   e - Sticky Flame                   Conjuration/Fire             4
   f - Fireball                       Conjuration/Fire             5
Comestibles
 c - a bread ration
 j - 2 meat rations
 m - a royal jelly
 r - 2 chunks of flesh


   Skills:
 - Level 2.0 Dodging
 - Level 2.0 Stealth
 - Level 2.0 Spellcasting
 - Level 1.0 Conjurations
 + Level 4.9 Fire Magic


You had one spell level left.
You knew the following spells:

 Your Spells              Type           Power        Failure   Level  Hunger
a - Flame Tongue          Conj/Fire      ##...        6%          1    #......
b - Throw Flame           Conj/Fire      ##....       9%          2    ###....
c - Conjure Flame         Conj/Fire      ##......     19%         3    ###....


Dungeon Overview and Level Annotations

Branches:
Dungeon (3/15)

Altars:
Elyvilon
Hepliaklqana
Okawaru


Message History

Casting: Conjure Flame
Confirm with . or Enter, or press ? or * to list all spells.
Aiming: Throw Flame
Press: ? - help, Shift-Dir - straight line, f - centaur
Aim: a centaur, wielding a shortbow The puff of flame hits the centaur.
The centaur is lightly wounded.
The centaur shoots an arrow.
The arrow hits you.
The centaur shoots an arrow.
The arrow hits you!
* * * LOW HITPOINT WARNING * * *
Casting: Throw Flame
Confirm with . or Enter, or press ? or * to list all spells.
Aiming: Throw Flame
Press: ? - help, Shift-Dir - straight line, f/p - centaur
Aim: a centaur, wielding a shortbow (lightly wounded)
You miscast Throw Flame.
You are very lightly contaminated with residual magic.
You feel a strange surge of energy!
The centaur shoots an arrow.
The arrow hits you!
You die...

..............^##
##.#
....######....#.##
##.## ....#
##.#.##.###.##
....# #.#.###.#.##
...## #. ##.##
...# ###. #.# ...#
... #.# ####
#.######.#
#..(c.@..#
#.######## #. #.
#. #. .. .. #


You could see a centaur.

Vanquished Creatures
  2 adders
  A worm (D:3)
  2 leopard geckos (D:1)
  2 orcs (D:3)
  A giant cockroach (D:1)
  5 hobgoblins
  7 jackals (D:2)
  5 bats
  2 frilled lizards
  5 goblins
  4 kobolds
  6 rats (D:1)
42 creatures vanquished.

Notes
Turn   | Place    | Note
-------+----------+-------------------------------------------
     0 | D:1      | Gildeon the Human Fire Elementalist began the quest for the Orb.
     0 | D:1      | Reached XP level 1. HP: 13/13 MP: 3/3
   136 | D:1      | Reached XP level 2. HP: 13/19 MP: 0/5
   287 | D:1      | Learned a level 2 spell: Throw Flame
   741 | D:1      | Reached skill level 4 in Fire Magic
   741 | D:1      | Reached XP level 3. HP: 24/24 MP: 3/6
   747 | D:1      | Learned a level 3 spell: Conjure Flame
  1536 | D:2      | Found a white marble altar of Elyvilon.
  1704 | D:2      | Found a hazy altar of Hepliaklqana.
  1758 | D:2      | Reached XP level 4. HP: 30/30 MP: 4/7
  2030 | D:3      | Found an iron altar of Okawaru.
  2073 | D:3      | Found a faded altar of an unknown god.
  2491 | D:3      | Noticed a centaur
  2503 | D:3      | Shot with an arrow by a centaur

Vault maps used:
D:1:      shiori_shiawase, minmay_stone_trees_small
D:2:      lemuel_round_altar, elyvilon_altar_3
D:3:      cheibrodos_ashenzari_chains, okawaru_gym_becter,
          chequers_ecumenical_altar_island, kennysheep_generic_room_15

Skill      XL: |  1  2 |
---------------+-------+-----
Fire Magic     | 4 |  4.9
Dodging        | |  2.0
Stealth        | |  2.0
Spellcasting   | |  2.0
Conjurations   | |  1.0

Action                   |  1- 3 |  4- 6 || total
-------------------------+-------+-------++-------
Melee: Hand axe          |    40 |     8 ||    48
 Cast: Flame Tongue      |    29 |     6 ||    35
       Throw Flame       |    19 |    12 ||    31
       Conjure Flame     |       |     1 ||     1
  Use: Scroll            |     7 |       ||     7
  Eat: Chunk             |     2 |     2 ||     4
       Bread ration      |     1 |       ||     1
Armor: Robe              |    10 |     1 ||    11
Dodge: Dodged            |    35 |     6 ||    41

Table legend:
 A = Spawn XP
 B = Non-spawn XP
 C = Spawn XP percentage of total XP
 D = Spawn monster count
 E = Non-spawn monster count
 F = Spawn count percentage of total count
 G = Total turns spent on level
                    A         B        C        D         E        F      G
               +---------+---------+-------+---------+---------+-------+---------
         Total |       0 |      99 |   0.0 |       0 |      42 |   0.0 |  2503
               +---------+---------+-------+---------+---------+-------+---------
           D:1 |       0 |      32 |   0.0 |       0 |      20 |   0.0 |   802
           D:2 |       0 |      38 |   0.0 |       0 |      14 |   0.0 |  1145
           D:3 |       0 |      29 |   0.0 |       0 |       8 |   0.0 |   556
               +---------+---------+-------+---------+---------+-------+---------
